Map: Jagannatha LE

Players

黑羽快斗 (ButAlways) - Winner!

  • Race: Protoss Protoss
  • League: Master

Rex

  • Race: Zerg Zerg
  • League: Grandmaster

Event: DreamHack SC2 Masters 2021 Summer

VOD

Have the link to the VOD?

Description

Time

  • Played on: May 22, 2021, 9:02 a.m.
  • Length: 66:45

All games in this series

Show
View Real Time Build Order
Export as new Build Order

黑羽快斗 Protoss - Winner!

Build Orders: 1 Gate Expand, Carriers 

Get SALT Encoding   

  12  0:00  Probe  
  13  0:12  Probe  
  14  0:20  Pylon  
  14  0:24  Probe  
  15  0:38  Probe (Chrono Boost)  
  15  0:39  Gateway  
  16  0:47  Probe (Chrono Boost), Assimilator  
  17  0:52  Probe (Chrono Boost)  
  18  1:04  Probe  
  19  1:17  Probe  
  20  1:24  Nexus  
  20  1:34  Cybernetics Core  
  20  1:37  Probe  
  21  1:45  Assimilator  
  21  1:49  Probe  
  22  1:54  Pylon  
  22  2:01  Probe  
  23  2:13  Probe (Chrono Boost), Adept (Chrono Boost)  
  24  2:21  Stargate  
  26  2:26  Probe (Chrono Boost)  
  27  2:31  Probe (Chrono Boost)  
  27  2:36  Adept  
  30  2:37  Probe (Chrono Boost)  
  30  2:41  Warp Gate  
  32  2:46  Probe (Chrono Boost)  
  32  2:47  Probe (Chrono Boost)  
  33  2:52  Probe x2 (Chrono Boost)  
  33  2:57  Void Ray (Chrono Boost)  
  35  3:04  Probe x2  
  41  3:16  Probe x2  
  41  3:18  Pylon  
  43  3:28  Probe x2, Gateway  
  43  3:29  Void Ray (Chrono Boost)  
  45  3:40  Probe x2  
  51  3:41  Pylon  
  51  3:52  Probe  
  52  3:55  Nexus  
  52  3:57  Probe  
  53  4:04  Probe, Assimilator  
  53  4:05  Assimilator  
  54  4:10  Shield Battery  
  52  4:20  Pylon  
  52  4:21  Pylon  
  52  4:22  Probe x2  
  54  4:29  Fleet Beacon  
  54  4:34  Probe x2  
  56  4:42  Stargate  
  56  4:46  Probe, Adept x2  
  56  4:47  Probe  
  62  4:58  Probe  
  62  4:59  Probe  
  64  5:00  Stargate  
  64  5:10  Probe x2, Pylon  
  64  5:11  Probe  
  67  5:19  Assimilator x2  
  73  5:22  Probe  
  73  5:23  Probe x2  
  76  5:31  Carrier (Chrono Boost)  
  76  5:34  Probe  
  76  5:35  Probe x2  
  77  5:43  Carrier (Chrono Boost)  
  77  5:46  Probe  
  77  5:47  Probe  
  77  5:49  Shield Battery  
  83  5:59  Pylon x2  
  83  6:01  Forge  
  83  6:02  Zealot  
  85  6:04  Pylon  
  85  6:06  Zealot  
  85  6:09  Carrier (Chrono Boost)  
  93  6:24  Carrier (Chrono Boost)  
  93  6:25  Adept  
  101  6:35  Pylon  
  101  6:37  Pylon  
  101  6:41  Protoss Air Weapons Level 1  
  101  6:47  Carrier (Chrono Boost)  
  107  6:48  Pylon  
  107  6:49  Probe, Pylon  
  108  6:54  Flux Vanes  
  108  7:03  Carrier (Chrono Boost)  
  110  7:18  Photon Cannon  
  110  7:20  Photon Cannon x2  
  110  7:21  Photon Cannon  
  110  7:22  Photon Cannon  
  110  7:27  Stalker  
  112  7:37  Void Ray (Chrono Boost)  
  121  7:45  Carrier (Chrono Boost)  
  121  7:48  Sentry  
  123  8:00  Void Ray (Chrono Boost)  
  123  8:03  Nexus  
  127  8:06  Pylon  
  127  8:07  Void Ray (Chrono Boost)  
  131  8:19  Zealot  
  132  8:21  Pylon  
  132  8:30  Nexus  
  132  8:34  Void Ray (Chrono Boost)  
  132  8:35  Assimilator  
  132  8:37  Void Ray (Chrono Boost)  
  136  8:42  Void Ray (Chrono Boost)  
  136  8:44  Stargate  
  140  8:51  Pylon  
  144  8:57  Zealot x2, Shield Battery  
  144  8:59  Shield Battery  
  148  9:05  Void Ray (Chrono Boost)  
  148  9:09  Stargate  
  152  9:21  Photon Cannon x2, Void Ray (Chrono Boost)  
  152  9:24  Photon Cannon  
  152  9:26  Photon Cannon  
  156  9:37  Void Ray (Chrono Boost)  
  160  9:42  Void Ray (Chrono Boost)  
  167  9:46  Void Ray (Chrono Boost)  
  167  9:51  Void Ray (Chrono Boost)  
  167  9:54  Probe x2  
  167  9:55  Probe x2  
  175  10:01  Photon Cannon  
  175  10:06  Probe x2  
  181  10:07  Photon Cannon, Void Ray (Chrono Boost)  
  181  10:14  Assimilator  
  181  10:15  Assimilator  
  181  10:19  Void Ray (Chrono Boost), Pylon  
  181  10:20  Pylon  
  181  10:21  Void Ray (Chrono Boost)  
  189  10:30  Zealot  
  189  10:34  Zealot  
  193  10:38  Void Ray  
  193  10:53  Void Ray x2 (Chrono Boost)  
  169  10:59  Void Ray (Chrono Boost)  
  155  11:12  Carrier (Chrono Boost)  
  155  11:19  Probe x2  
  155  11:22  Protoss Air Weapons Level 2 (Chrono Boost)  
  153  11:31  Shield Battery  
  159  11:35  Sentry x2  
  159  11:39  Photon Cannon  
  161  11:40  Carrier (Chrono Boost)  
  161  11:42  Carrier (Chrono Boost)  
  167  11:49  Probe  
  168  12:00  Probe x3  
  177  12:04  Carrier (Chrono Boost)  
  177  12:09  Carrier (Chrono Boost)  
  189  12:26  Zealot  
  189  12:28  Carrier (Chrono Boost)  
  189  12:29  Zealot  
  197  12:39  Carrier (Chrono Boost)  
  197  12:49  Zealot x2  
  199  13:03  Protoss Shields Level 1  
  199  13:18  Pylon  
  199  13:19  Nexus  
  199  13:25  Robotics Facility  
  199  13:30  Protoss Air Weapons Level 3 (Chrono Boost)  
  197  13:37  Shield Battery x2  
  197  13:38  Photon Cannon  
  195  13:56  Photon Cannon  
  189  14:30  Void Ray x2 (Chrono Boost)  
  172  14:33  Void Ray (Chrono Boost)  
  150  14:40  Void Ray (Chrono Boost)  
  150  14:41  Mothership (Chrono Boost)  
  150  14:42  Observer  
  150  14:45  Void Ray (Chrono Boost)  
  159  14:49  Sentry x2  
  157  14:55  Probe  
  157  14:59  Void Ray (Chrono Boost)  
  158  15:02  Photon Cannon, Void Ray (Chrono Boost)  
  158  15:03  Observer, Shield Battery, Void Ray (Chrono Boost)  
  158  15:06  Void Ray (Chrono Boost)  
  171  15:10  Nexus  
  171  15:12  Void Ray  
  175  15:16  Nexus  
  175  15:17  Twilight Council, Pylon  
  177  15:25  Observer  
  177  15:27  Void Ray  
  182  15:36  Shield Battery  
  182  15:39  Shield Battery x2  
  182  15:40  Carrier  
  188  15:53  Carrier  
  194  16:02  Protoss Air Armor Level 1 (Chrono Boost)  
  194  16:06  Protoss Shields Level 2 (Chrono Boost)  
  194  16:09  Templar Archives  
  194  16:10  Observer  
  195  16:21  Observer  
  195  16:31  Observer  
  195  16:32  Observer  
  196  16:36  Psionic Storm  
  196  16:46  Assimilator x2  
  196  16:58  High Templar x2  
  196  17:01  Gateway  
  200  17:02  Gateway  
  200  17:33  Photon Cannon  
  200  17:34  Photon Cannon  
  200  17:35  Pylon x2  
  200  17:42  Stargate  
  200  17:45  Stargate  
  200  17:51  Pylon  
  200  18:08  Nexus  
  192  18:17  Observer  
  192  18:18  Carrier x3  
  199  18:20  Observer  
  198  18:36  High Templar  
  200  18:48  Photon Cannon  
  200  18:50  Photon Cannon  
  200  18:52  Shield Battery  
  200  18:55  Photon Cannon  
  200  18:56  Photon Cannon  
  200  19:11  Protoss Air Armor Level 2 (Chrono Boost)  
  200  19:37  Void Ray (Chrono Boost)  
  200  19:44  Void Ray (Chrono Boost)  
  194  20:10  Void Ray (Chrono Boost)  
  194  20:13  Archon  
  198  20:22  Void Ray x2 (Chrono Boost)  
  198  20:28  Void Ray x4 (Chrono Boost)  
  170  20:42  High Templar  
  162  20:43  High Templar x3  
  162  20:44  Mothership (Chrono Boost)  
  162  20:46  Void Ray (Chrono Boost)  
  162  20:49  Void Ray (Chrono Boost)  
  180  20:51  Probe  
  180  20:52  Probe x4  
  180  20:56  Observer  
  190  21:00  Photon Cannon x3  
  190  21:02  Shield Battery x2  
  190  21:03  Probe  
  189  21:13  Carrier  
  189  21:16  Pylon  
  189  21:17  Observer  
  189  21:18  Pylon  
  191  21:26  Archon, Void Ray  
  191  21:28  High Templar  
  197  21:44  High Templar  
  198  21:49  Photon Cannon  
  198  21:51  Photon Cannon  
  199  21:54  Observer  
  198  22:42  High Templar  
  192  23:42  Void Ray  
  192  23:44  Void Ray x2  
  192  23:48  Void Ray  
  178  23:54  Void Ray x2  
  178  24:19  Void Ray (Chrono Boost)  
  178  24:22  Probe x4  
  178  24:23  Probe  
  183  24:26  Void Ray (Chrono Boost)  
  183  24:27  Void Ray (Chrono Boost)  
  177  24:40  Observer  
  177  24:45  Void Ray (Chrono Boost)  
  178  24:54  Zealot x4, Nexus  
  186  25:00  Shield Battery x2  
  186  25:02  Photon Cannon  
  186  25:03  Photon Cannon  
  186  25:09  Carrier  
  186  25:10  Assimilator  
  186  25:11  Assimilator  
  192  25:27  Pylon  
  184  25:31  Observer  
  184  25:34  Zealot x4  
  193  25:54  High Templar  
  195  26:02  Pylon  
  195  26:12  High Templar  
  197  26:22  Nexus  
  197  26:24  Photon Cannon x2  
  197  26:26  Photon Cannon  
  197  26:27  Shield Battery  
  197  26:29  Shield Battery  
  189  26:37  Protoss Air Armor Level 3 (Chrono Boost)  
  189  26:44  Zealot x3  
  189  26:45  Zealot  
  197  26:51  Assimilator  
  197  26:57  Assimilator  
  197  27:01  Shield Battery  
  189  27:03  Pylon  
  189  27:07  Zealot x4  
  197  27:12  Observer  
  195  27:34  Protoss Shields Level 3 (Chrono Boost)  
  195  27:35  Mothership (Chrono Boost)  
  195  27:36  Photon Cannon  
  189  27:38  Photon Cannon  
  189  27:40  Photon Cannon  
  189  27:42  Photon Cannon  
  189  27:43  Shield Battery  
  197  27:51  Zealot  
  199  28:04  Observer  
  197  28:25  Observer  
  198  28:32  Zealot  
  200  28:34  Observer  
  200  28:35  Shield Battery  
  200  28:36  Pylon  
  200  28:37  Pylon  
  200  28:42  Shield Battery  
  200  28:43  Stargate  
  197  29:23  Tempest (Chrono Boost)  
  195  29:24  Stargate  
  195  29:25  Nexus  
  195  29:26  Pylon  
  195  29:30  Stargate, Assimilator  
  200  29:31  Assimilator  
  200  29:45  Observer  
  200  29:50  Pylon x2  
  198  30:00  Photon Cannon  
  198  30:01  Observer, Photon Cannon  
  198  30:02  Shield Battery  
  198  30:03  Photon Cannon  
  196  30:29  Oracle  
  196  30:31  Observer  
  200  30:42  Pylon  
  200  30:48  Shield Battery x2  
  200  30:50  Shield Battery  
  200  30:51  Photon Cannon  
  200  30:56  Photon Cannon  
  200  31:04  Observer  
  200  31:05  Shield Battery x2  
  200  31:52  Observer  
  200  32:09  Robotics Facility  
  185  33:08  Observer  
  186  33:16  Fleet Beacon  
  186  33:20  Stargate  
  186  33:27  Oracle  
  186  33:33  Observer  
  189  34:08  Pylon  
  199  34:10  Templar Archives  
  199  34:11  Tempest x2 (Chrono Boost)  
  196  34:19  Tempest (Chrono Boost)  
  200  34:31  Stargate  
  200  34:32  Stargate  
  200  34:40  Pylon  
  200  34:44  Pylon  
  200  34:48  Pylon  
  200  34:49  Observer  
  200  34:56  Pylon  
  200  35:00  Pylon  
  200  35:05  Pylon  
  200  35:07  Shield Battery x2  
  200  35:09  Shield Battery  
  200  35:10  Shield Battery  
  200  35:11  Shield Battery  
  200  35:13  Shield Battery  
  200  35:15  Pylon  
  199  35:25  Shield Battery  
  199  35:42  Oracle  
  199  35:46  Unknown, Shield Battery  
  198  36:04  Observer  
  198  36:16  Shield Battery  
  198  36:18  Shield Battery  
  198  36:25  Shield Battery  
  198  36:26  Shield Battery  
  198  36:27  Shield Battery  
  198  36:29  Shield Battery, Forge  
  198  36:32  Shield Battery x2  
  198  36:33  Shield Battery  
  198  36:43  Pylon  
  196  37:10  Photon Cannon x2  
  196  37:12  Oracle  
  196  37:13  Shield Battery  
  199  37:34  Photon Cannon  
  199  37:38  Photon Cannon  
  199  37:40  Shield Battery  
  199  37:42  Shield Battery  
  199  37:43  Pylon  
  197  37:57  Tempest  
  197  37:58  Tempest  
  197  38:03  Nexus  
  191  38:15  Tempest  
  196  38:26  Oracle  
  194  38:45  Pylon  
  194  38:51  Pylon  
  193  38:59  Observer  
  194  39:05  Tempest  
  199  39:21  Observer  
  200  39:35  Pylon  
  200  39:37  Pylon  
  200  40:04  Archon  
  192  40:11  Void Ray  
  192  40:12  Void Ray x4  
  192  40:32  High Templar x4  
  200  40:42  Shield Battery  
  200  40:44  Shield Battery  
  200  40:47  Shield Battery  
  200  40:48  Shield Battery  
  200  40:50  Shield Battery  
  200  40:52  Shield Battery  
  200  40:54  Shield Battery  
  200  40:55  Shield Battery  
  199  40:57  Shield Battery  
  199  41:06  Shield Battery  
  199  41:08  Nexus  
  199  41:16  Photon Cannon  
  197  41:27  Oracle  
  200  42:03  Shield Battery x3  
  200  42:04  Shield Battery  
  200  42:05  Photon Cannon, Shield Battery  
  200  42:07  Pylon  
  200  42:08  Photon Cannon  
  200  42:22  Tempest x2 (Chrono Boost)  
  200  42:33  Tempest (Chrono Boost)  
  199  43:38  Tempest  
  199  43:39  Tempest  
  199  44:49  Pylon  
  199  45:03  Shield Battery  
  199  45:04  Shield Battery x2  
  199  45:05  Shield Battery  
  200  45:10  Shield Battery  
  200  45:11  Shield Battery  
  200  45:12  Shield Battery  
  200  45:14  Shield Battery x2  
  199  45:18  Shield Battery  
  199  45:26  Shield Battery  
  199  45:59  Oracle  
  199  46:03  Pylon  
  199  46:26  Shield Battery  
  199  46:27  Shield Battery  
  199  46:29  Shield Battery  
  199  46:31  Shield Battery  
  199  46:32  Shield Battery  
  199  46:33  Shield Battery  
  199  46:37  Shield Battery  
  173  47:14  Tempest (Chrono Boost)  
  178  47:18  Tempest x2 (Chrono Boost)  
  178  47:27  Tempest x2 (Chrono Boost)  
  178  47:44  Tempest (Chrono Boost)  
  178  47:46  Pylon  
  178  47:47  Tempest x2 (Chrono Boost)  
  193  47:57  Tempest  
  188  48:29  Tempest x2  
  192  48:54  Oracle x2  
  198  49:22  Pylon  
  198  49:38  Pylon  
  198  49:58  Shield Battery  
  198  50:00  Shield Battery  
  198  50:02  Shield Battery  
  197  50:29  Shield Battery x2  
  197  50:30  Shield Battery  
  196  51:49  Carrier  
  194  51:56  Carrier  
  194  51:58  Carrier  
  196  52:08  Carrier x2  
  200  52:49  Oracle  
  193  53:08  Oracle x2  
  199  55:46  Observer  
  199  55:49  Observer  
  199  55:50  Observer  
  199  55:58  Observer  
  200  56:30  Tempest x2  
  200  58:00  Observer  
  200  58:08  Observer  
  200  58:26  Observer  
  200  59:38  Observer  
  200  59:49  Observer  
  200  59:53  Observer  
  200  60:19  Observer  
  200  60:50  Observer  
  200  62:42  Observer  
  200  63:51  Oracle  
  192  65:53  Void Ray x2  
Show
View Real Time Build Order
Export as new Build Order

Rex Zerg 

Build Orders: Hatch First 

Get SALT Encoding   

  12  0:00  Drone  
  13  0:12  Overlord  
  13  0:18  Drone  
  14  0:31  Drone x2  
  16  0:49  Hatchery  
  15  0:52  Drone  
  15  0:55  Drone  
  17  0:59  Drone  
  18  1:09  Extractor  
  17  1:16  Spawning Pool  
  16  1:20  Drone  
  16  1:23  Drone  
  18  1:30  Drone  
  19  1:39  Drone  
  20  1:52  Overlord  
  20  2:02  Queen  
  20  2:03  Queen  
  20  2:04  Zergling x2  
  20  2:08  Zergling x2  
  26  2:15  Metabolic Boost  
  26  2:17  Drone  
  26  2:20  Drone  
  28  2:25  Drone  
  28  2:27  Drone  
  30  2:44  Hatchery  
  29  2:53  Queen  
  29  2:57  Drone x2  
  33  3:01  Overlord  
  33  3:03  Drone  
  34  3:06  Drone  
  34  3:09  Drone  
  37  3:20  Drone x4  
  37  3:24  Overlord  
  37  3:26  Drone  
  41  3:30  Queen  
  43  3:35  Drone  
  44  3:41  Spore Crawler  
  44  3:48  Drone x5  
  48  3:55  Overlord  
  48  3:56  Overlord  
  48  3:58  Queen  
  48  4:01  Spore Crawler  
  49  4:08  Drone  
  50  4:14  Drone x5  
  50  4:15  Drone x2  
  56  4:18  Drone x2  
  56  4:21  Overlord  
  57  4:27  Overlord  
  57  4:28  Overlord  
  57  4:33  Lair  
  57  4:36  Extractor  
  56  4:39  Spore Crawler  
  56  4:40  Drone x2  
  56  4:42  Drone  
  56  4:44  Drone  
  56  4:45  Drone  
  60  4:47  Overlord  
  60  4:49  Drone x3  
  60  4:50  Drone  
  64  4:57  Drone  
  64  4:58  Drone x5  
  70  5:02  Extractor x2, Drone  
  70  5:05  Drone, Roach Warren  
  69  5:07  Drone  
  69  5:08  Extractor  
  69  5:10  Extractor  
  69  5:11  Drone  
  69  5:12  Drone x2  
  71  5:16  Zergling x4  
  71  5:18  Zergling x6  
  76  5:26  Drone x3  
  79  5:35  Spire  
  78  5:40  Drone  
  78  5:41  Drone  
  77  5:45  Drone x8  
  77  5:49  Drone  
  86  5:50  Overseer  
  86  5:57  Drone, Glial Reconstitution  
  86  6:00  Drone x3  
  86  6:03  Overlord  
  89  6:06  Overlord  
  89  6:08  Overlord  
  89  6:15  Hatchery  
  89  6:17  Overlord  
  85  6:20  Queen x2  
  85  6:21  Queen  
  91  6:35  Spore Crawler x2  
  89  6:47  Mutalisk  
  89  6:48  Mutalisk x5  
  100  6:55  Queen x2  
  100  6:56  Queen  
  106  7:01  Zergling x28  
  115  7:20  Drone x6  
  115  7:22  Zerg Flyer Weapons Level 1  
  121  7:32  Drone x6  
  121  7:36  Overlord  
  127  7:39  Overlord  
  127  7:40  Overlord x6  
  125  7:48  Corruptor  
  125  7:49  Overlord  
  125  7:50  Overlord  
  126  8:04  Corruptor  
  126  8:05  Corruptor x5  
  138  8:09  Corruptor  
  138  8:12  Corruptor x2  
  139  8:15  Corruptor  
  140  8:20  Corruptor x2  
  140  8:26  Corruptor x2  
  148  8:30  Corruptor  
  148  8:33  Corruptor  
  152  8:35  Corruptor  
  152  8:39  Corruptor  
  156  8:42  Drone x2, Extractor  
  156  8:44  Extractor  
  156  8:45  Corruptor x2  
  157  8:49  Corruptor  
  157  8:52  Overlord  
  157  8:53  Corruptor  
  161  8:58  Corruptor  
  164  9:02  Zergling x2  
  164  9:03  Zergling x10  
  165  9:18  Corruptor x3  
  165  9:22  Overlord  
  165  9:23  Evolution Chamber  
  170  9:29  Drone x6  
  170  9:30  Queen  
  178  9:33  Zerg Flyer Weapons Level 2  
  178  9:44  Corruptor x3  
  180  9:52  Corruptor  
  180  9:53  Spore Crawler x2, Corruptor  
  182  10:00  Corruptor x2  
  182  10:05  Zergling x6  
  182  10:06  Zergling x6  
  188  10:07  Hatchery  
  188  10:12  Zerg Melee Weapons Level 1, Corruptor  
  189  10:22  Corruptor x3  
  195  10:32  Corruptor x2  
  199  10:42  Corruptor x2  
  137  11:08  Zergling x22  
  137  11:10  Corruptor  
  137  11:11  Corruptor x5  
  144  11:12  Queen x2  
  144  11:15  Zergling x10  
  163  11:21  Infestation Pit  
  163  11:22  Queen x3  
  163  11:23  Drone x7  
  175  11:26  Corruptor  
  177  11:40  Corruptor x4  
  177  11:45  Corruptor x2  
  189  11:55  Corruptor x2  
  189  12:00  Queen x2  
  199  12:02  Hive  
  197  12:12  Extractor x2  
  197  12:13  Corruptor  
  197  12:14  Corruptor  
  199  12:24  Overlord  
  199  12:27  Pathogen Glands  
  199  12:35  Spore Crawler x2  
  199  12:36  Spore Crawler x3  
  199  12:37  Spore Crawler x3  
  193  12:38  Spore Crawler x2  
  193  12:39  Spore Crawler x2  
  193  12:40  Zerg Melee Weapons Level 2, Spore Crawler x2  
  193  12:43  Spore Crawler  
  182  12:51  Infestor x3  
  187  13:10  Baneling Nest  
  187  13:12  Evolution Chamber  
  183  13:13  Viper x3  
  183  13:15  Hatchery  
  191  13:29  Corruptor x4  
  195  13:36  Spore Crawler  
  195  13:37  Spore Crawler  
  195  13:38  Zergling x2, Spore Crawler x2  
  195  13:39  Zergling x14  
  199  13:53  Spore Crawler  
  199  13:54  Spore Crawler x2  
  199  13:55  Spore Crawler x2  
  194  13:58  Spore Crawler x3  
  155  14:31  Corruptor  
  155  14:32  Corruptor x5  
  160  14:42  Infestor x2  
  160  14:43  Viper  
  167  14:47  Drone x3  
  167  14:51  Drone x2  
  172  14:54  Drone  
  172  14:59  Burrow  
  173  15:01  Drone  
  173  15:02  Drone  
  175  15:07  Drone x3  
  175  15:12  Viper  
  181  15:16  Drone x3  
  184  15:21  Neural Parasite  
  184  15:24  Drone x3  
  187  15:38  Ultralisk Cavern  
  187  15:42  Zerg Flyer Weapons Level 3  
  183  15:50  Zergling x8  
  183  15:51  Zergling x2  
  183  15:55  Viper  
  183  15:56  Viper x2  
  197  16:04  Corruptor  
  197  16:07  Drone  
  200  16:11  Adrenal Glands  
  200  16:28  Chitinous Plating  
  200  16:34  Zerg Ground Armor Level 1  
  200  16:35  Zerg Melee Weapons Level 3  
  200  16:36  Spire  
  199  16:55  Overseer  
  199  16:56  Overseer  
  199  16:57  Pneumatized Carapace  
  199  17:09  Drone  
  200  17:26  Baneling x14, Centrifical Hooks  
  200  17:30  Spine Crawler  
  200  17:31  Spine Crawler  
  200  17:32  Spine Crawler x2  
  200  17:33  Spore Crawler  
  200  17:34  Spore Crawler  
  200  17:35  Drone x7, Spore Crawler  
  200  17:47  Anabolic Synthesis  
  200  17:49  Zerg Flyer Armor Level 1  
  199  18:06  Baneling  
  199  18:12  Infestor x4  
  192  18:30  Overlord  
  192  18:31  Overseer x4  
  192  18:32  Zerg Ground Armor Level 2  
  192  18:33  Greater Spire  
  192  18:45  Hatchery  
  192  18:47  Spore Crawler x2  
  189  18:48  Spore Crawler  
  189  18:49  Spore Crawler  
  189  18:50  Ultralisk x2  
  197  18:57  Spore Crawler  
  196  19:06  Zergling x6  
  199  19:18  Spore Crawler x2  
  199  19:20  Spore Crawler  
  193  19:57  Zergling x14  
  192  20:13  Corruptor x4  
  167  20:28  Corruptor x3  
  167  20:29  Corruptor x14  
  183  20:42  Viper x3  
  187  20:48  Hatchery  
  189  20:51  Infestor x2  
  189  20:54  Drone x3  
  196  20:59  Drone x3  
  196  21:00  Extractor x2, Zergling x6  
  200  21:12  Extractor  
  200  21:13  Extractor  
  195  21:20  Corruptor x3  
  199  21:42  Spore Crawler x3  
  196  21:49  Drone x3  
  196  21:53  Spore Crawler  
  196  21:54  Spore Crawler  
  197  21:58  Queen  
  199  22:02  Zergling x4, Spore Crawler  
  200  22:09  Spore Crawler  
  200  22:10  Spore Crawler x3  
  200  22:11  Spore Crawler  
  200  22:12  Spore Crawler  
  200  22:13  Zergling x12  
  200  22:16  Baneling x6  
  199  22:30  Hatchery  
  198  22:41  Spore Crawler x3  
  198  22:42  Spore Crawler  
  198  22:43  Brood Lord  
  191  22:44  Brood Lord x4  
  191  22:46  Baneling  
  191  22:47  Baneling  
  191  22:50  Spore Crawler  
  191  22:51  Spore Crawler  
  195  22:52  Spore Crawler  
  194  23:03  Baneling x9  
  194  23:08  Drone x3  
  169  24:01  Viper x3  
  162  24:10  Zergling x2  
  162  24:11  Zergling x4  
  162  24:15  Drone  
  162  24:17  Corruptor x3  
  166  24:23  Hatchery  
  171  24:29  Overlord x8  
  157  24:37  Overlord  
  157  24:40  Spire  
  156  24:49  Infestor x3  
  162  25:24  Infestor x2  
  166  25:33  Drone x5  
  166  25:34  Drone  
  172  25:38  Drone  
  172  25:40  Drone  
  174  25:45  Spore Crawler  
  174  25:46  Spore Crawler  
  172  25:52  Greater Spire  
  172  25:56  Overseer x2  
  172  26:00  Zergling x12  
  172  26:01  Zergling x2  
  172  26:03  Zergling x8  
  183  26:05  Drone x2  
  183  26:22  Drone x2  
  183  26:26  Corruptor x3  
  183  26:29  Drone  
  183  26:30  Drone x2  
  191  26:37  Drone  
  191  26:38  Infestor x3  
  198  26:49  Drone x2  
  200  27:01  Drone x2  
  200  27:13  Spore Crawler  
  200  27:14  Spore Crawler  
  198  27:16  Spore Crawler  
  198  27:17  Brood Lord  
  198  27:20  Spore Crawler  
  198  27:21  Brood Lord  
  200  27:26  Zerg Flyer Armor Level 2  
  200  27:35  Zergling x2  
  199  27:47  Spawning Pool  
  198  27:53  Spore Crawler  
  198  27:54  Drone x3, Spore Crawler x2  
  198  27:55  Drone x3, Spore Crawler x2  
  198  27:57  Spore Crawler  
  198  27:58  Drone  
  198  28:30  Hatchery  
  198  28:32  Extractor  
  196  28:58  Drone x2, Lair  
  196  29:02  Infestation Pit  
  197  29:03  Ultralisk Cavern  
  196  29:22  Spore Crawler x3  
  193  29:25  Spore Crawler  
  192  29:35  Brood Lord x3  
  197  29:54  Hatchery, Extractor  
  197  29:56  Extractor  
  197  29:57  Hive  
  194  30:07  Brood Lord x3  
  200  30:16  Zerg Flyer Armor Level 3  
  200  30:20  Spore Crawler  
  199  30:21  Spore Crawler  
  199  30:23  Spore Crawler  
  199  30:24  Spore Crawler  
  196  30:49  Corruptor x2  
  200  30:57  Overseer x3  
  200  31:44  Baneling Nest  
  199  32:05  Spore Crawler  
  184  33:07  Brood Lord  
  184  33:08  Infestor  
  184  33:09  Infestor x2  
  184  33:10  Corruptor x4  
  200  33:28  Baneling x14  
  200  33:36  Overlord x3  
  200  33:37  Overlord x4  
  198  33:57  Spore Crawler  
  198  33:58  Spore Crawler  
  198  33:59  Spore Crawler x2  
  194  34:16  Spore Crawler  
  193  34:19  Spore Crawler x2  
  193  34:22  Ultralisk  
  197  34:33  Infestor x11  
  197  35:35  Corruptor  
  199  36:09  Spore Crawler  
  198  36:11  Spore Crawler  
  198  36:13  Spore Crawler x3  
  194  36:46  Zergling x12  
  194  37:08  Viper x2  
  200  37:17  Spore Crawler  
  200  37:18  Spore Crawler x4  
  200  37:19  Spore Crawler  
  200  37:21  Baneling x12  
  194  37:49  Corruptor x3  
  200  38:30  Overseer  
  200  38:40  Spore Crawler  
  200  38:41  Spore Crawler  
  198  38:42  Spore Crawler x2  
  198  38:43  Spore Crawler  
  198  38:47  Corruptor x2  
  199  39:51  Overseer x3  
  159  40:25  Viper x3  
  168  40:32  Zergling x2  
  168  40:33  Queen x3, Zergling x12  
  181  40:48  Overlord x2  
  181  40:50  Spore Crawler x3  
  181  40:51  Spore Crawler  
  181  40:53  Spore Crawler  
  176  41:02  Spore Crawler  
  176  41:03  Spore Crawler  
  174  41:08  Queen  
  174  41:11  Queen x2  
  180  41:31  Overseer  
  180  41:40  Overseer  
  180  41:44  Queen  
  182  41:51  Queen x2  
  186  41:55  Overseer  
  186  42:20  Queen  
  188  42:26  Queen x2  
  192  42:40  Spore Crawler  
  191  42:45  Spore Crawler x5  
  191  42:46  Spore Crawler  
  191  42:48  Spore Crawler  
  184  42:55  Queen  
  186  43:02  Queen x2  
  190  43:31  Queen  
  192  43:38  Queen x2  
  196  44:45  Queen x2  
  200  45:06  Drone  
  200  45:55  Queen x18  
  200  46:07  Queen  
  190  47:28  Spore Crawler  
  189  47:41  Queen x3  
  195  47:46  Zergling x10  
  200  48:27  Overseer  
  198  48:41  Overseer  
  198  49:05  Overlord x3  
  198  49:11  Overlord x2  
  197  50:35  Drone  
  197  50:49  Queen x20  
  188  52:01  Drone  
  189  52:05  Spore Crawler  
  188  53:14  Infestor  
  188  54:19  Queen x19  
  184  55:02  Zergling x24  
  194  55:29  Infestor  
  176  57:31  Infestor x7  
  172  58:48  Infestor  
  171  59:04  Drone  
  171  59:08  Zergling x2  
  162  62:03  Infestor x3, Zergling x4  
  162  62:04  Infestor x4  
  164  62:38  Queen  
Tags
 
Add a new tag
Caveats
  • Supply blocks, unpowered buildings, or Contaminate may cause inaccurate times.
  • Supply counts are checked every 10 seconds.